 Dungeon Crawl Stone Soup version 0.27.1-33-g824d729ab1 (webtiles) character file.

Game seed: 9155425757763350506

1436 safid the Cleaver (level 8, -6/56 (66) HPs)
             Began as a Hill Orc Fighter on Dec 23, 2021.
             Was an Initiate of Beogh.
             Killed from afar by Maggie (13 damage)
             ... with a bolt of fire
             ... on level 6 of the Dungeon.
             The game lasted 00:14:04 (6380 turns).

safid the Cleaver (Hill Orc Fighter)                Turns: 6380, Time: 00:14:04

HP:   -6/56 (66)    AC:  8    Str: 21    XL:     8   Next: 73%
MP:   8/8           EV: 12    Int:  8    God:    Beogh [......]
Gold: 245           SH: 11    Dex: 10    Spells: 7/7 levels left

rFire    . . .     SeeInvis +   a - +1 war axe
rCold    . . .     Faith    .   c - +0 kite shield
rNeg     . . .     Spirit   .   b - +0 scale mail
rPois    .         Reflect  .   r - +0 helmet
rElec    .         Harm     .   (no cloak)
rCorr    .         Rampage  .   (no gloves)
Will     .....                  (no boots)
Stlth    ..........             (no amulet)
HPRegen  0.18/turn              q - +4 ring of evasion
MPRegen  0.11/turn              o - ring of see invisible

@: heavily drained
A: no striking features
a: Renounce Religion


You were on level 6 of the Dungeon.
You worshipped Beogh.
Beogh was noncommittal.
You visited 2 branches of the dungeon, and saw 7 of its levels.

You collected 245 gold pieces.

Inventory:

Hand Weapons
 a - a +1 war axe (weapon)
 y - the +8 falchion of a Labyrinth {pain, MP+9 Str+4 Int+3}
   (You found it on level 4 of the Dungeon)

   In the hands of one skilled in necromantic magic, it inflicts extra damage on
   living creatures.
   Str:       It affects your strength (+4).
   Int:       It affects your intelligence (+3).
   MP:        It affects your magic capacity (+9).
Missiles
 l - 7 javelins
 m - 25 poisoned darts (quivered)
 z - a throwing net
Armour
 b - a +0 scale mail (worn)
 c - a +0 kite shield (worn)
 r - a +0 helmet (worn)
Jewellery
 e - a ring of protection from cold
 f - a ring of fire
 o - a ring of see invisible (right hand)
 q - a +4 ring of evasion (left hand)
Wands
 d - a wand of iceblast (4)
Scrolls
 g - 3 scrolls of enchant weapon
 i - a scroll of magic mapping
 k - a scroll of teleportation
 n - a scroll of enchant armour {unknown}
 w - a scroll of fear {unknown}
 x - a scroll of summoning
 C - a scroll of noise {unknown}
 D - a scroll of torment {unknown}
Potions
 h - a potion of ambrosia {unknown}
 j - 3 potions of lignification
 p - a potion of haste {unknown}
 s - 3 potions of curing
 t - 2 potions of resistance {unknown}
 A - 3 potions of brilliance {unknown}
 B - 2 potions of heal wounds {unknown}


   Skills:
 - Level 4.0 Fighting
 + Level 9.7 Axes
 - Level 4.0 Armour
 + Level 8.6 Shields


You had 7 spell levels left.
You didn't know any spells.
Your spell library contained the following spells:

 Spells                   Type           Power      Damage    Failure   Level
 Pain                     Necr           0%         1d4       95%         1
 Agony                    Necr           0%         N/A       100%        5
 Excruciating Wounds      Necr           0%         N/A       100%        5


Dungeon Overview and Level Annotations

Branches:
Dungeon (6/15)             Temple (1/1) D:4

Altars:
Ashenzari
Cheibriados
Dithmenos
Elyvilon
Fedhas
Gozag
Kikubaaqudgha
Makhleb
Nemelex Xobeh
Okawaru
Qazlal
Ru
Sif Muna
Trog
Uskayaw
Vehumet
Wu Jian
Yredelemnul
Zin
The Shining One

Shops:
D:1 :   D:6 [

Annotations:
D:6 Maggie, Sigmund


Message History

Maggie is moderately wounded.
Maggie barely misses you.
You hit Maggie.
Maggie is heavily wounded.
Maggie hits you with a +1 halberd of draining!
You feel drained.
You hit Maggie.
Maggie is heavily wounded.
Maggie mumbles the words to a spell, but in the wrong order.
Maggie gestures at you while chanting.
The bolt of fire hits you but does no damage.
You hit Maggie.
Maggie is heavily wounded.
You block Maggie's attack. x2
You hit Maggie.
Maggie is heavily wounded.
You block Maggie's attack.
You slash Maggie!
Maggie is severely wounded.
Maggie hits you with a +1 halberd of draining!
You feel drained.
You hit Maggie but do no damage.
Maggie is severely wounded.
You break out of your daze.
Maggie hits you with a +1 halberd of draining!
You feel drained.
You are too injured to fight recklessly!
You are too injured to fight recklessly!
You slash Maggie!
Maggie is almost dead.
Maggie says, "Fear not.
I will immortalize you in the tale of my first kill."
Maggie hits you with a +1 halberd of draining!
* * * LOW HITPOINT WARNING * * *
You feel drained.
* * * LOW HITPOINT WARNING * * *
As you read the scroll of summoning, it crumbles to dust.
Wisps of shadow whirl around you... Maggie casts a spell at you.
The bolt of fire hits you!
You die...

###### #...##
#....## #.#..#
##.....# #....
#...≈..# #.∩.
#..≈≈..# #..
#..≈..<# #.##
#..≈...####.l#######
#..........Y.@@....#
##≈..#######5o...#.#
##..# #.###.....
#.## ... .... ##.#
##.## .## #..# #.# #
#..# #.# #..# ###
#.# #..# #..


You could see Maggie (ally target), a friendly sky beast (summoned), a friendly
iguana (summoned), a friendly shadow imp (summoned) and a friendly orc
(summoned).

Vanquished Creatures
  Prince Ribbit (D:6)
  The ghost of Karin the Ducker, an amateur FeEE of Dithmenos (D:5)
  A black bear (D:4)
  2 necrophages
  An ogre (D:5)
  2 water moccasin skeletons
  2 electric eels (D:6)
  3 howler monkeys
  A centaur zombie (D:5)
  2 hounds
  A jelly (D:5)
  3 bullfrog skeletons
  A centaur skeleton (D:5)
  An iguana (D:5)
  2 scorpion simulacra (D:5)
  A howler monkey zombie (D:5)
  3 gnolls (D:4)
  5 adders
  A howler monkey skeleton (D:4)
  2 hound simulacra (D:5)
  A white imp (D:5)
  An ufetubus (D:5)
  3 worms
  5 dart slugs
  5 endoplasms
  2 giant cockroaches (D:3)
  8 goblins
  9 hobgoblins
  3 quokkas
  3 ball pythons
  3 bats
  3 frilled lizards
  7 kobolds
  3 rats
92 creatures vanquished.

Vanquished Creatures (others)
  An iguana (D:5)
  An orc wizard (D:5)
  An orc (D:5)
  3 plants (D:3)
6 creatures vanquished.

Grand Total: 98 creatures vanquished

Notes
Turn   | Place    | Note
-------+----------+-------------------------------------------
     0 | D:1      | safid the Hill Orc Fighter began the quest for the Orb.
     0 | D:1      | Reached XP level 1. HP: 19/19 MP: 1/1
   351 | D:1      | Found a faded altar of an unknown god.
   437 | D:1      | Found Delomy's Book Boutique.
   653 | D:1      | Reached skill level 3 in Axes
   653 | D:1      | Reached XP level 2. HP: 27/27 MP: 2/2
  1316 | D:2      | Reached XP level 3. HP: 24/33 MP: 3/3
  1962 | D:3      | Found a burning altar of Makhleb.
  1997 | D:3      | Reached XP level 4. HP: 29/40 MP: 4/4
  2295 | D:3      | Reached skill level 4 in Axes
  2467 | D:4      | Reached XP level 5. HP: 42/46 MP: 5/5
  2524 | D:4      | Found a staircase to the Ecumenical Temple.
  2539 | Temple   | Entered the Ecumenical Temple
  2769 | D:4      | Reached skill level 5 in Axes
  3033 | D:4      | Found a shadowy altar of Dithmenos.
  3033 | D:4      | Found an opulent altar of Gozag.
  3033 | D:4      | Found a sacrificial altar of Ru.
  3033 | D:4      | Noticed a black bear
  3042 | D:4      | Killed a black bear
  3043 | D:4      | Reached skill level 5 in Shields
  3043 | D:4      | Reached XP level 6. HP: 45/52 MP: 6/6
  3261 | D:4      | Identified the +8 falchion of a Labyrinth {pain, MP+9 Str+4
                  | Int+3}
  3356 | D:4      | Found an ornate altar of the Wu Jian Council.
  3624 | D:5      | Entered Level 5 of the Dungeon
  3657 | D:5      | Reached skill level 6 in Axes
  4072 | D:5      | Found a radiant altar of Vehumet.
  4090 | D:5      | Reached XP level 7. HP: 47/59 MP: 7/7
  4151 | D:5      | Reached skill level 7 in Axes
  4212 | D:5      | Found a runed translucent gate.
  4212 | D:5      | Found a runed translucent gate.
  4212 | D:5      | Found a runed translucent gate.
  4314 | D:5      | Became a worshipper of Beogh the Brigand
  4432 | D:5      | Found a hide-covered altar of Uskayaw.
  4744 | D:5      | Noticed Karin's ghost (amateur FeEE)
  4804 | D:5      | Found a blossoming altar of Fedhas.
  5098 | D:5      | Killed Karin's ghost
  5099 | D:5      | Reached skill level 8 in Axes
  5099 | D:5      | Reached XP level 8. HP: 55/66 MP: 8/8
  5582 | D:6      | Noticed Prince Ribbit
  5590 | D:6      | Killed Prince Ribbit
  5591 | D:6      | Reached skill level 9 in Axes
  6117 | D:6      | Noticed Sigmund
  6361 | D:6      | Found Ygoyviul's Antique Armour Shop.
  6361 | D:6      | Noticed Maggie
  6380 | D:6      | Killed from afar by Maggie

Illustrated notes

Levels and vault maps discovered:
D:1:      co_arrival_random_square_maze, layout_loops_ring, serial_shops, shop,
          basic_ecumenical_altar, serial_bayou_pond_e
D:2:      layout_basic
D:3:      cheibrodos_greedy_goblins, layout_rooms, old_standard_altar,
          serial_bayou_pond_c, kennysheep_generic_room_14
D:4:      layout_loops_corners, gammafunk_temple_overflow_claw,
          mainiacjoe_overflow_surrounded_room, minmay_temple_entry_slanted
D:5:      layout_basic, mainiacjoe_overflow_catwalk_spiral,
          mainiacjoe_overflow_catwalk, serial_corexii_hall,
          chequers_hall_statues_y, corexii_hall_statues_s,
          chequers_hall_statues_corner_a, chequers_hall_statues_y,
          gammafunk_ghost_icy
D:6:      kennysheep_slugbush, layout_loops_ring, serial_shops,
          nicolae_shop_stone, nrook_pool_corridor,
          chequers_serial_rivers_micro_c, uniq_prince_ribbit1, uniq_grinder,
          uniq_maggie, uniq_sigmund
Temple:   minmay_temple_bridge_abc

Skill      XL: |  1  2  3  4  5  6  7  8 |
---------------+-------------------------+-----
Axes           | 3 4 5 6 8 9 |  9.7
Fighting       | 4 |  4.0
Armour         | 4 |  4.0
Shields        | 4 5 6 7 8 |  8.6

Action                   |  1- 3 |  4- 6 |  7- 9 || total
-------------------------+-------+-------+-------++-------
Melee: War axe           |   117 |   111 |   160 ||   388
Throw: Dart              |       |       |    11 ||    11
Invok: Convert to Beogh  |       |       |     1 ||     1
  Use: Potion            |       |     1 |       ||     1
       Scroll            |       |       |    11 ||    11
Armor: Scale mail        |    56 |    44 |    39 ||   139
Dodge: Dodged            |    39 |    52 |    62 ||   153
Block: Kite shield       |    88 |    73 |    81 ||   242
